 Dungeon Crawl Stone Soup version 0.30.0-10-gfe55d96785 (webtiles) character file.

Game seed: 11361335431294458638

116 GigaChad the Shield-Bearer (level 4, 0/41 HPs)
             Began as a Minotaur Fighter on May 16, 2023.
             Was a Follower of Ru.
             Killed by divine providence
             ... invoked by an orc priest
              (14 damage)
             ... on level 3 of the Dungeon.
             The game lasted 00:02:29 (1575 turns).

GigaChad the Shield-Bearer (Minotaur Fighter)       Turns: 1575, Time: 00:02:29

Health: 0/41       AC: 10    Str: 28    XL:     4   Next: 70%
Magic:  3/3        EV:  8    Int:  5    God:    Ru [*.....]
Gold:   188        SH:  9    Dex: 10    Spells: 3/3 levels left

rFire   . . .        a - +0 war axe
rCold   . . .        c - +0 buckler
rNeg    . . .        g - +0 chain mail
rPois   .            (helmet restricted)
rElec   .            m - +0 cloak
rCorr   .            (no gloves)
SInv    .            (no boots)
Will    .....        k - amulet of reflection Stlth
                     o - +6 ring of strength
HPRegen 0.26/turn    (no ring)
MPRegen 0.08/turn

%: reflection
@: no status effects
A: horns 2, no poison magic, no translocations magic, no transmutations magic,
retaliatory headbutt
a: Renounce Religion


You were on level 3 of the Dungeon.
You worshipped Ru.
Ru was aware of your devotion.
You visited 1 branch of the dungeon, and saw 3 of its levels.

You collected 188 gold pieces.

Inventory:

Hand Weapons
 a - a +0 war axe (weapon)
Missiles
 e - a throwing net (quivered)
Armour
 b - a +0 scale mail
 c - a +0 buckler (worn)
 g - a +0 chain mail (worn)
 m - a +0 cloak (worn)
Jewellery
 f - an amulet of faith
 k - an amulet of reflection (around neck)
 o - a +6 ring of strength (left hand)
 q - a ring of resist corrosion
Scrolls
 h - a scroll of noise {unknown}
 l - 3 scrolls of identify {unknown}
 n - a scroll of vulnerability {unknown}
 p - a scroll of poison {unknown}
Potions
 d - a potion of might
 i - a potion of brilliance {unknown}
 j - 2 potions of heal wounds {unknown}


   Skills:
 * Level 4.4 Fighting
 * Level 4.2 Axes
 * Level 4.2 Armour
 * Level 4.5 Shields


You had 3 spell levels left.
You didn't know any spells.
Your spell library contained the following spells:

 Spells                   Type           Power      Damage    Failure   Level
 Discord                  Hex            0%         N/A       100%        8
 Ignition                 Fire           0%         3d3       100%        8
 Olgreb's Toxic Radiance  Pois           Unusable   N/A       N/A         4

Dungeon Overview and Level Annotations

Branches:
Dungeon (3/15)

Altars:
Ru


Innate Abilities, Weirdness & Mutations

You have a pair of horns on your head.
You cannot study or cast Poison magic.
You cannot study or cast Translocations magic.
You cannot study or cast Transmutations magic.
You reflexively headbutt those who attack you in melee.


Message History

You are too injured to fight recklessly!
You are too injured to fight recklessly!
You are too injured to fight recklessly!
You are too injured to fight recklessly!
You are too injured to fight recklessly!
You are too injured to fight recklessly!
You are too injured to fight recklessly!
Unknown command.
You barely miss something. Your headbutt misses something.
You hear some strange, mumbled words.
A puff of flame appears from out of thin air!
You block puff of flame... and reflect it back!
The puff of flame hits something.
You closely miss something. Something hits you but does no damage.
Unknown command.
You closely miss something. Your headbutt misses something. Something hits you.
* * * LOW HITPOINT WARNING * * *
Unknown command.
You closely miss something. Something hits you but does no damage.
Unknown command.
You closely miss something. Something hits you but does no damage.
Unknown command.
You closely miss something. Something hits you but does no damage.
You block something's attack.
Unknown command.
You barely miss something. Something hits you but does no damage.
Unknown command.
You hit something. Something hits you but does no damage.
Unknown command.
You slash something!
Reactivating autopickup.
You feel a bit more experienced. The orc closely misses you.
You furiously retaliate!
You headbutt the orc.
Your Axes skill increases to level 4!
Unknown command.
You slash the orc!
You kill the orc!
The orc priest invokes the aid of Beogh against you.
Beogh smites you!
You die...

#.# #.# #.# #.# #.# #.# #.#
#.# #.# #.# #.# #.# #.## #.#
#.# ###..###.# #.#
.........#.######### #.#
####.#####...bo)@..# #.# #.#
#########.###.# #.#
###...##.# ####.########
#........#
#.......<.......#...####
#..###############.#########
#..# #.......... #..#
##.##.#####
#..################......)##


You could see an orc priest and a bat.

Vanquished Creatures
  An orc wizard (D:3)
  2 adders
  A dart slug (D:1)
  2 worms
  3 orcs (D:3)
  5 endoplasms
  2 giant cockroaches (D:1)
  6 goblins
  11 hobgoblins
  4 jackals (D:1)
  7 quokkas
  5 ball pythons
  2 bats
  4 frilled lizards
  6 kobolds
61 creatures vanquished.

Notes
Turn   | Place    | Note
-------+----------+-------------------------------------------
     0 | D:1      | GigaChad the Minotaur Fighter began the quest for the Orb.
     0 | D:1      | Reached XP level 1. HP: 19/19 MP: 0/0
   157 | D:1      | Reached XP level 2. HP: 22/27 MP: 1/1
   289 | D:1      | Found a faded altar of an unknown god.
   302 | D:1      | Prayed at the altar of an unknown god.
   302 | D:1      | Became a worshipper of Ru the Awakened
   316 | D:1      | Gained mutation: You cannot study or cast Poison magic. [Ru
                  | sacrifice]
   316 | D:1      | Gained mutation: You cannot study or cast Transmutations
                  | magic. [Ru sacrifice]
   316 | D:1      | Gained mutation: You cannot study or cast Translocations
                  | magic. [Ru sacrifice]
   316 | D:1      | Reached * piety under Ru
   420 | D:1      | Reached XP level 3. HP: 32/33 MP: 2/2
  1064 | D:2      | Reached XP level 4. HP: 38/40 MP: 3/3
  1575 | D:3      | Killed from afar by an orc priest

Illustrated notes

Levels and vault maps discovered:
D:1:      ncdulo_lavacross, layout_basic, ebering_ecumenical_altar_mist,
          chequers_serial_rivers_micro_d
D:2:      layout_basic
D:3:      layout_loops_ring, cheibrodos_worm_habitat,
          nemelex_spade_bored_becter, hex_medium, nicolae_figureground_sparkle

Skill      XL: |  1  2  3  4 |
---------------+-------------+-----
Fighting       | 4 |  4.4
Shields        | 4 |  4.5
Armour         | 4 |  4.2
Axes           | 3 4 |  4.2

Action                     |  1- 3 |  4- 6 || total
---------------------------+-------+-------++-------
  Melee: War axe           |    85 |    38 ||   123
         Headbutt          |     9 |     6 ||    15
 Invoke: Sacrifice Arcana  |     1 |       ||     1
    Use: Scroll            |     1 |       ||     1
 Armour: Scale mail        |    13 |       ||    13
         Chain mail        |    27 |    17 ||    44
  Dodge: Dodged            |    25 |     4 ||    29
  Block: Buckler           |    34 |    14 ||    48
         Reflection        |     1 |     1 ||     2
